 Dungeon Crawl Stone Soup version 0.28.0-49-g6dfe1f597d (webtiles) character file.

Game seed: 14859000554872604548

2285 Exodus22XD the Cleaver (level 9, -1/78 HPs)
             Began as a Minotaur Fighter on May 14, 2022.
             Was a Follower of Okawaru.
             Slain by a killer bee (6 damage)
             ... on level 7 of the Dungeon.
             The game lasted 00:05:14 (6891 turns).

Exodus22XD the Cleaver (Minotaur Fighter)           Turns: 6891, Time: 00:05:15

Health: -1/78      AC:  9    Str: 25    XL:     9   Next: 17%
Magic:  10/10      EV:  9    Int:  5    God:    Okawaru [*.....]
Gold:   374        SH:  7    Dex: 10    Spells: 8/8 levels left

rFire   . . .      SeeInvis .   a - +0 war axe
rCold   . . .      Faith    .   f - +2 buckler
rNeg    . . .      Spirit   .   b - +0 scale mail
rPois   .          Reflect  .   (helmet restricted)
rElec   .          Harm     .   (no cloak)
rCorr   .          Rampage  .   (no gloves)
Will    .....                   A - +0 pair of boots
Stlth   ..........              (no amulet)
HPRegen 0.23/turn               (no ring)
MPRegen 0.12/turn               (no ring)

@: lethally poisoned (-1 -> -4), flying
A: horns 2, retaliatory headbutt
a: Renounce Religion, Heroism


You were on level 7 of the Dungeon.
You worshipped Okawaru.
Okawaru was aware of your devotion.
You visited 2 branches of the dungeon, and saw 9 of its levels.

You collected 374 gold pieces.

Inventory:

Hand Weapons
 a - a +0 war axe (weapon)
Missiles
 t - 3 throwing nets (quivered)
Armour
 b - a +0 scale mail (worn)
 f - a +2 buckler (worn)
 A - a +0 pair of boots (worn)
Jewellery
 h - a +6 ring of intelligence
 x - a +4 ring of protection
Wands
 j - a wand of iceblast (11)
 u - a wand of digging (3)
 y - a wand of polymorph (10)
Scrolls
 c - a scroll of noise {unknown}
 e - 3 scrolls of identify {unknown}
 g - a scroll of blinking {unknown}
 i - a scroll of immolation {unknown}
 o - 2 scrolls of teleportation {unknown}
 p - 2 scrolls of magic mapping {unknown}
 q - a scroll of fog {unknown}
 s - 2 scrolls of fear {unknown}
 v - 3 scrolls of enchant weapon {unknown}
 z - a scroll of vulnerability {unknown}
Potions
 d - 3 potions of might
 k - 2 potions of curing {unknown}
 l - a potion of brilliance {unknown}
 m - 3 potions of ambrosia {unknown}
 n - 2 potions of flight
 r - a potion of mutation {unknown}
 w - a potion of lignification {unknown}


   Skills:
 + Level 6.6 Fighting
 + Level 10.1 Axes
 + Level 8.1 Armour
 + Level 5.9 Shields
 * Level 2.7 Invocations


You had 8 spell levels left.
You didn't know any spells.
Your spell library was empty.

Dungeon Overview and Level Annotations

Branches:
Dungeon (8/15)             Temple (1/1) D:6
   Lair: D:8-11

Altars:
Ashenzari
Dithmenos
Elyvilon
Fedhas
Hepliaklqana
Kikubaaqudgha
Makhleb
Okawaru
Qazlal
Trog
Uskayaw
Wu Jian
Xom
Yredelemnul
Zin


Innate Abilities, Weirdness & Mutations

You have a pair of horns on your head.
You reflexively headbutt those who attack you in melee.


Message History

The killer bee poisons you!
You slash the killer bee! Your headbutt misses the killer bee.
The killer bee is heavily wounded.
You feel sick. The killer bee stings you.
You closely miss the killer bee. Your headbutt misses the killer bee.
You feel sick. The killer bee stings you. The killer bee barely misses you.
You hit the killer bee but do no damage.
You feel sick. The killer bee stings you.
* * * LOW HITPOINT WARNING * * *
The killer bee stings you but does no damage.
Okay, then.
You feel sick.
You closely miss the killer bee.
You feel sick.
The killer bee stings you but does no damage.
The killer bee closely misses you.
The killer bee stings you but does no damage.
You feel sick. The killer bee closely misses you.
You closely miss the killer bee.
You feel sick.
You are no longer poisoned.
You block the killer bee's attack. x2
Okay, then.
Okay, then.
You are too injured to fight recklessly!
Press: ? - help, v - describe, . - travel The floor.
Unknown command.
Okay, then.
Okay, then.
You closely miss the killer bee. Your headbutt misses the killer bee.
The killer bee stings you.
* * * LOW HITPOINT WARNING * * *
You are poisoned.
The killer bee poisons you! The killer bee stings you.
* * * LOW HITPOINT WARNING * * *
It was a potion of flight.
You feel very buoyant.
You fly up into the air.
* * * LOW HITPOINT WARNING * * *
You feel sick. The killer bee stings you.
You die...

############ #
#..........######
#######..........##...)
#.....'..........##>..)
#.#####..........##.###
#.# ##########.##.# #
#.# #.##)###
#.##############.##....
#...yy@.(.(...#........
####y########.#########
#.# #.......... #y.
########### ##y#
..(.... .. ..(.... ..#
####+## #.# .#


You could see 3 killer bees.

Vanquished Creatures
  Grinder (D:3)
  A steam dragon (D:7)
  An orc warrior (D:7)
  2 sky beasts
  3 ogres
  3 centaurs
  2 phantoms
  2 scorpions (D:6)
  A bullfrog (D:8)
  A wyvern skeleton (D:7)
  A killer bee (D:7)
  A gnoll shaman (D:5)
  2 jellies (D:5)
  An orc priest (D:5)
  A centaur skeleton (D:7)
  5 hounds
  An iguana (D:5)
  Natasha (thrice) (D:4)
  A scorpion zombie (D:5)
  3 orc wizards
  A killer bee zombie (D:5)
  A hound skeleton (D:5)
  A howler monkey zombie (D:7)
  5 adders
  8 gnolls
  2 shadow imps (D:7)
  3 worms
  4 dart slugs
  14 orcs
  8 ball pythons
  5 endoplasms
  9 giant cockroaches
  7 goblins
  4 hobgoblins
  3 jackals (D:4)
  A kobold (D:1)
  2 quokkas
  3 bats
  6 frilled lizards
  5 rats
128 creatures vanquished.

Notes
Turn   | Place    | Note
-------+----------+-------------------------------------------
     0 | D:1      | Exodus22XD the Minotaur Fighter began the quest for the
                  | Orb.
     0 | D:1      | Reached XP level 1. HP: 19/19 MP: 0/0
   169 | D:1      | Reached XP level 2. HP: 23/27 MP: 1/1
   703 | D:1      | Reached XP level 3. HP: 30/33 MP: 2/2
   817 | D:2      | Reached skill level 3 in Axes
  1451 | D:2      | Found an ancient bone altar of Kikubaaqudgha.
  1946 | D:3      | Noticed Grinder
  1951 | D:3      | Reached XP level 4. HP: 39/40 MP: 3/3
  1962 | D:3      | Paralysed by Grinder for 5 turns
  1970 | D:3      | Killed Grinder
  1971 | D:3      | Reached skill level 5 in Axes
  1971 | D:3      | Reached skill level 5 in Armour
  1971 | D:3      | Reached XP level 5. HP: 10/47 MP: 4/4
  2284 | D:3      | Reached XP level 6. HP: 53/53 MP: 5/5
  2484 | D:3      | Found a glowing silver altar of Zin.
  3090 | D:4      | Found an ancient bone altar of Kikubaaqudgha.
  3112 | D:4      | Noticed Natasha
  3117 | D:4      | Killed Natasha
  3153 | D:4      | Noticed Natasha
  3159 | D:4      | Killed Natasha
  3160 | D:4      | Reached skill level 6 in Axes
  3208 | D:4      | Noticed Natasha
  3215 | D:4      | Killed Natasha
  3512 | D:4      | Reached XP level 7. HP: 50/60 MP: 6/6
  3618 | D:4      | Reached skill level 7 in Axes
  3839 | D:5      | Entered Level 5 of the Dungeon
  3856 | D:5      | Reached skill level 5 in Fighting
  4229 | D:5      | Reached skill level 5 in Shields
  4382 | D:5      | Reached skill level 8 in Axes
  4560 | D:5      | Reached XP level 8. HP: 42/69 MP: 7/7
  5258 | D:6      | Found a staircase to the Ecumenical Temple.
  5274 | Temple   | Entered the Ecumenical Temple
  5286 | Temple   | Became a worshipper of Warmaster Okawaru
  5399 | D:6      | Found an ornate altar of the Wu Jian Council.
  5567 | D:6      | Found a stormy altar of Qazlal.
  5609 | D:6      | Reached skill level 9 in Axes
  5699 | D:6      | Reached skill level 1 in Invocations
  6412 | D:7      | Reached * piety under Okawaru
  6418 | D:7      | Reached XP level 9. HP: 48/78 MP: 9/9
  6559 | D:8      | Reached skill level 10 in Axes
  6891 | D:7      | Slain by a killer bee

Illustrated notes

Levels and vault maps discovered:
D:1:      saegor_arrival_simple_d, layout_basic
D:2:      layout_basic, basic_altar
D:3:      layout_rooms, zin_statuary, uniq_grinder
D:4:      layout_basic, nicolae_overflow_crystal_walls,
          kennysheep_generic_room_4, uniq_natasha
D:5:      layout_loops_ring, hangedman_decor_slide_cut
D:6:      layout_basic, nzn_wu_jian_council_hall,
          nicolae_qazlal_scattered_showers, minmay_temple_entry_waves,
          minmay_misc_feat_rows, minmay_misc_feat_diagonals
D:7:      layout_basic, vehumet_statue, chei_slow_surprise, enter_bailey_6,
          minmay_quadrilaterals, uniq_harold, uniq_pikel,
          uniq_crazy_yiuf_cottage
D:8:      layout_loops_ring, eino_tiny_chamber
Temple:   cyrus_circular_temple

Skill      XL: |  1  2  3  4  5  6  7  8  9 |
---------------+----------------------------+-----
Armour         | 4 5 6 7 8 |  8.1
Shields        | 4 5 |  5.9
Axes           | 3 5 6 8 9 10 | 10.1
Fighting       | 4 5 6 |  6.6
Invocations    | 2 |  2.7

Action                   |  1- 3 |  4- 6 |  7- 9 || total
-------------------------+-------+-------+-------++-------
Melee: War axe           |    90 |    51 |   209 ||   350
       Headbutt          |    10 |     7 |    38 ||    55
  Use: Potion            |       |     1 |     1 ||     2
 Stab: Distracted        |       |     1 |       ||     1
Armor: Scale mail        |    60 |    13 |    81 ||   154
Dodge: Dodged            |    31 |    17 |    76 ||   124
Block: Buckler           |    46 |    10 |    70 ||   126
